 Dungeon Crawl Stone Soup version 0.25-a0-290-g4a1327ee3a (webtiles) character file.

Game seed: 1521430644547340345, levelgen mode: deterministic

2622 night the Cleaver (level 9, -1/57 HPs)
             Began as a Gargoyle Gladiator on Dec 13, 2019.
             Was a Believer of Cheibriados.
             Slain by a death yak (11 damage)
             ... on level 8 of the Dungeon.
             The game lasted 00:16:04 (6972 turns).

night the Cleaver (Gargoyle Gladiator)              Turns: 6972, Time: 00:16:06

Health: -1/57      AC: 16    Str: 23 (25) XL:     9   Next: 60%
Magic:  9/9        EV: 12    Int: 13 (16) God:    Cheibriados [**....]
Gold:   453        SH: 18    Dex: 21 (23) Spells: 8/8 levels left

rFire    . . .     SeeInvis +   a - +0 war axe
rCold    . . .     Gourm    .   u - +2 large shield of the Mind {rN+ Int+3}
rNeg     + + .     Faith    .   e - +0 scale mail (curse)
rPois    ∞         Spirit   .   g - +0 helmet
rElec    +         Reflect  .   b - +0 cloak
rCorr    .         Harm     .   h - +1 pair of gloves {Dex+3}
MR       .....                  (no boots)
Stlth    ++........             (no amulet)
HPRegen  0.19/turn              p - ring of see invisible
MPRegen  0.11/turn              (no ring)

@: agile, very slightly contaminated, invisible, very slow
A: negative energy resistance 1, electricity resistance, unbreathing,
petrification resistance, rot immunity, AC +6
a: Bend Time, Renounce Religion


You were on level 8 of the Dungeon.
You worshipped Cheibriados.
Cheibriados was pleased with you.
You were not hungry.

You visited 1 branch of the dungeon, and saw 8 of its levels.

You collected 453 gold pieces.

Inventory:

Hand Weapons
 a - a +0 war axe (weapon)
Missiles
 c - 9 boomerangs (quivered)
 d - 3 throwing nets
Armour
 b - a +0 cloak (worn)
 e - a cursed +0 scale mail (worn)
 g - a +0 helmet (worn)
 h - a +1 pair of gloves of dexterity (worn)
 u - the +2 large shield of the Mind (worn) {rN+ Int+3}
   (You found it on level 5 of the Dungeon)

   It affects your intelligence (+3).
   It protects you from negative energy.
Jewellery
 p - a ring of see invisible (left hand)
Wands
 w - a wand of paralysis (6)
 C - a wand of iceblast (14)
Scrolls
 j - 4 scrolls of teleportation {unknown}
 m - a scroll of random uselessness {unknown}
 o - 8 scrolls of identify {unknown}
 q - 4 scrolls of enchant weapon {unknown}
 r - 4 scrolls of noise {unknown}
 s - a scroll of amnesia {unknown}
 t - 11 scrolls of remove curse {unknown}
 y - 2 scrolls of immolation {unknown}
Potions
 i - a potion of magic {unknown}
 k - a potion of curing
 l - 4 potions of degeneration
 n - a potion of agility
 x - a potion of flight {unknown}
 z - a potion of heal wounds {unknown}
 A - a potion of haste {unknown}
 B - a potion of lignification {unknown}
Comestibles
 f - 10 rations


   Skills:
 + Level 7.6 Fighting
 + Level 9.0 Axes
 - Level 1.8 Throwing
 - Level 2.4 Dodging
 - Level 0.3 Stealth
 + Level 5.8 Shields


You had 8 spell levels left.
You didn't know any spells.
Your spell library was empty.

Dungeon Overview and Level Annotations

Branches:
Dungeon (8/15)             Temple (0/1) D:5            Lair (0/6) D:8

Altars:
Cheibriados
Fedhas
Gozag
Nemelex Xobeh
Okawaru
Ru
Trog
Uskayaw
Vehumet
Xom
Yredelemnul


Innate Abilities, Weirdness & Mutations

You are resistant to torment.
Your stone body is resilient. (AC +6)
You are immune to poison.
You resist negative energy. (rN+)
You are resistant to electric shocks. (rElec)
You can survive without breathing.
You are immune to petrification.
You are immune to rotting.


Message History

Your shield and scale mail prevent you from hitting the quokka.
The death yak snorts and paws the ground.
The death yak misses you. You block the quokka's attack.
You strike the helpless death yak from behind!
You hit the death yak but do no damage.
The death yak is severely wounded.
You strike the helpless quokka from behind!
You hit the quokka. The quokka closely misses you.
You slash the death yak!
The death yak is almost dead.
You strike the helpless quokka from behind!
You hit the quokka but do no damage.
The death yak gores you but does no damage.
You hit the death yak but do no damage.
The death yak is almost dead.
You slash the quokka!
You kill the quokka!
Cheibriados thoroughly appreciates the change of pace.
The death yak gores you!
You die...

#...#.(..[..+.#
#.# . #..
####....#.# #.#
r.
.....(.......#
#.# r..
...#######.###
#.# r... #.#
#.##..§.> #.#
#rr...Y.Y #.#
#.# #.#####a#
#....@#.#
####Y.ar#
#.#### #.# #.#
#.# ..# ###


You could see a death yak, a worker ant and a river rat.

Vanquished Creatures
  Pikel (D:6)
  Eustachio (D:4)
  A water moccasin (D:5)
  A sky beast (D:5)
  A black bear (D:8)
  A phantom (D:8)
  2 slaves (D:6)
  An orc warrior (D:6)
  An ogre (D:6)
  Blork the orc (D:4)
  5 bullfrogs
  A scorpion (D:6)
  4 wights (D:6)
  A howler monkey (D:4)
  A bullfrog zombie (D:5)
  2 crimson imps
  A bullfrog skeleton (D:4)
  A jelly (D:5)
  5 orc priests
  A hound (D:4)
  3 orc wizards
  An iguana (D:7)
  A worker ant (D:4)
  A hound skeleton (D:4)
  A worker ant zombie (D:5)
  10 adders
  11 gnolls
  An adder zombie (D:6)
  An adder skeleton (D:6)
  4 worms
  A dart slug (D:3)
  4 leopard geckos
  25 orcs
  A ball python (D:1)
  A giant cockroach (D:1)
  7 goblins
  14 hobgoblins
  7 jackals
  4 quokkas
  9 bats
  3 frilled lizards
  A jackal zombie (D:5)
  12 kobolds
  A leopard gecko skeleton (D:6)
  A leopard gecko zombie (D:6)
  7 rats
165 creatures vanquished.

Vanquished Creatures (others)
  2 orc wizards (D:4)
2 creatures vanquished.

Grand Total: 167 creatures vanquished

Notes
Turn   | Place    | Note
-------+----------+-------------------------------------------
     0 | D:1      | night the Gargoyle Gladiator began the quest for the Orb.
     0 | D:1      | Reached XP level 1. HP: 12/12 MP: 1/1
   233 | D:1      | Reached skill level 3 in Axes
   233 | D:1      | Reached XP level 2. HP: 17/17 MP: 2/2
   783 | D:1      | Reached XP level 3. HP: 22/22 MP: 3/3
  1248 | D:2      | Reached skill level 4 in Axes
  1315 | D:2      | Reached XP level 4. HP: 27/27 MP: 4/4
  1477 | D:2      | You fall into a shaft and drop 1 floor!
  1772 | D:3      | Reached XP level 5. HP: 20/32 MP: 5/5
  2109 | D:3      | Reached skill level 5 in Axes
  2255 | D:2      | Noticed a +0 hand axe
  2256 | D:2      | Noticed a +0 dagger
  2258 | D:2      | Found a hide-covered altar of Uskayaw.
  3042 | D:4      | Noticed Eustachio
  3084 | D:4      | Killed Eustachio
  3084 | D:4      | Reached skill level 6 in Axes
  3084 | D:4      | Reached XP level 6. HP: 27/37 MP: 6/6
  3341 | D:4      | Reached XP level 7. HP: 42/42 MP: 7/7
  3529 | D:4      | Noticed Blork the orc
  3542 | D:4      | Killed Blork the orc
  3686 | D:4      | Reached skill level 7 in Axes
  3925 | D:5      | Entered Level 5 of the Dungeon
  3999 | D:5      | Got a bloodstained large shield
  4005 | D:5      | Identified the +2 large shield of the Mind {rN+ Int+3} (You
                  | found it on level 5 of the Dungeon)
  4198 | D:5      | Reached skill level 1 in Shields
  4198 | D:5      | Reached XP level 8. HP: 32/48 MP: 8/8
  4302 | D:5      | Found a blossoming altar of Fedhas.
  4304 | D:5      | Found a snail-covered altar of Cheibriados.
  4350 | D:5      | Reached skill level 5 in Fighting
  4553 | D:5      | Became a worshipper of Cheibriados the Contemplative
  4557 | D:5      | Found a staircase to the Ecumenical Temple.
  4930 | D:6      | HP: 2/50 [orc priest/divine providence (10)]
  5352 | D:6      | Reached * piety under Cheibriados
  5352 | D:6      | Reached skill level 8 in Axes
  5575 | D:6      | Found an iron altar of Okawaru.
  5588 | D:6      | Noticed Pikel
  5615 | D:6      | Killed Pikel
  5615 | D:6      | Reached XP level 9. HP: 53/56 MP: 9/9
  5624 | D:6      | Found a shimmering altar of Xom.
  5625 | D:6      | Found a radiant altar of Vehumet.
  5625 | D:6      | Found a basalt altar of Yredelemnul.
  5638 | D:6      | Found a sacrificial altar of Ru.
  5640 | D:6      | Found a bloodstained altar of Trog.
  5855 | D:6      | Reached skill level 5 in Shields
  6053 | D:6      | Found a sparkling altar of Nemelex Xobeh.
  6053 | D:6      | Found an opulent altar of Gozag.
  6815 | D:8      | Reached skill level 9 in Axes
  6908 | D:8      | Reached ** piety under Cheibriados
  6946 | D:8      | Found a staircase to the Lair.
  6946 | D:8      | Noticed a death yak
  6948 | D:8      | Noticed a death yak
  6960 | D:8      | HP: 2/57 [death yak (3)]
  6972 | D:8      | Slain by a death yak

Levels and vault maps discovered:
D:1:      sevenhm_arrival_forest_fort_small_5, layout_basic,
          minmay_split_cup_small
D:2:      layout_basic, dancing_weapons_uskayaw, first_ration,
          minmay_misc_feat_hallway, minmay_tetromino_s4
D:3:      layout_basic, serial_aquarium, aquarium_bridge_long_separate
          [aquarium_subvault_window, aquarium_subvault_bridge,
          aquarium_subvault_bridge, aquarium_subvault_bridge,
          aquarium_subvault_bridge, aquarium_subvault_bridge],
          aquarium_window_1, aquarium_window_fake, aquarium_view_2b,
          aquarium_balcony_5a
D:4:      layout_loops_ring, uniq_eustachio, uniq_blork_the_orc
D:5:      cheibrodos_quashed, layout_basic, grunt_temple_overflow_open,
          temple_fountains
D:6:      layout_loops_ring, grunt_temple_overflow_opulence, minitemple,
          minmay_fractal_squares_diagonal_5, uniq_pikel
D:7:      layout_gridville
D:8:      layout_basic, dpeg_lair_monsters

Skill      XL: |  1  2  3  4  5  6  7  8  9 |
---------------+----------------------------+-----
Axes           | 3 4 6 7 8 9 |  9.0
Fighting       | 3 4 6 7 |  7.6
Shields        | 1 4 5 |  5.8
Throwing       | |  1.8
Dodging        | |  2.4
Stealth        | |  0.3

Action                   |  1- 3 |  4- 6 |  7- 9 || total
-------------------------+-------+-------+-------++-------
Melee: War axe           |   121 |   203 |   376 ||   700
  Use: Potion            |       |     2 |     4 ||     6
 Stab: Invisible         |       |       |     4 ||     4
  Eat: Chunk             |     1 |     7 |    10 ||    18
Armor: Leather armour    |     9 |       |       ||     9
       Scale mail        |    70 |   103 |   114 ||   287
Dodge: Dodged            |    83 |    93 |    87 ||   263
Block: Large shield      |       |       |   238 ||   238

Table legend:
 A = Non-vault XP
 B = Vault XP
 C = Vault XP percentage of total XP
 D = Non-vault monster count
 E = Vault monster count
 F = Vault count percentage of total count
                 A         B        C        D         E       F
            +---------+---------+-------+---------+---------+-------
      Total |    2559 |    1187 |  31.7 |     151 |      14 |   8.5
            +---------+---------+-------+---------+---------+-------
        D:1 |      37 |       5 |  11.9 |      22 |       3 |  12.0
        D:2 |      48 |       2 |   4.0 |      20 |       1 |   4.8
        D:3 |     167 |       0 |   0.0 |      28 |       0 |   0.0
        D:4 |     479 |     273 |  36.3 |      33 |       2 |   5.7
        D:5 |     532 |       0 |   0.0 |      12 |       0 |   0.0
        D:6 |     844 |     905 |  51.7 |      27 |       7 |  20.6
        D:7 |     195 |       0 |   0.0 |       6 |       0 |   0.0
        D:8 |     257 |       2 |   0.8 |       3 |       1 |  25.0
            +---------+---------+-------+---------+---------+-------
